 Dungeon Crawl Stone Soup version 0.31.0-32-g396128a36d (webtiles) character file.

Game seed: 7102814572416471064

939 Ijustatesigmund the Magician (level 8, -8/55 HPs)
             Began as an Octopode Conjurer on Mar 22, 2024.
             Mangled by an ice beast (11 damage)
             ... on level 5 of the Dungeon.
             The game lasted 00:08:49 (6865 turns).

Ijustatesigmund the Magician (Octopode Conjurer)    Turns: 6865, Time: 00:08:50

Health: -8/55      AC:  1    Str: 13    XL:     8   Next: 12%
Magic:  12/24      EV: 13    Int: 22    God:
Gold:   324        SH:  0    Dex: 16    Spells: 10/17 levels left

rFire   . . .        h - +0 flail
rCold   . . .        (no shield)
rNeg    . . .        (helmet restricted)
rPois   .            d - amulet of the acrobat
rElec   .            b - ring of wizardry
rCorr   .            o - ring of magical power
SInv    .            l - +6 ring of dexterity
Will    .....        m - +6 ring of strength
Stlth   +++          (no ring)
HPRegen 0.29/turn    (no ring)
MPRegen 0.19/turn    (no ring)
                     (no ring)

%: acrobat, wizardry (x1)
@: very slightly contaminated
A: almost no armour, amphibious, 8 rings, camouflage 1, gelatinous body 1,
(nimble swimmer 1), tentacles
a: no special abilities


You were on level 5 of the Dungeon.
You visited 1 branch of the dungeon, and saw 5 of its levels.

You collected 324 gold pieces.

Inventory:

Hand Weapons
 h - a +0 flail (weapon)
 i - a +2 quarterstaff of chaos
Missiles
 q - a throwing net
Jewellery
 b - a ring of wizardry (left tentacle)
 d - an amulet of the acrobat (around mantle)
 l - a +6 ring of dexterity (on tentacle)
 m - a +6 ring of strength (on tentacle)
 o - a ring of magical power (right tentacle)
Wands
 j - a wand of charming (11)
Scrolls
 c - 2 scrolls of fog {unknown}
 e - 2 scrolls of identify
 g - a scroll of enchant weapon {unknown}
 n - a scroll of poison {unknown}
 p - a scroll of summoning {unknown}
 r - a scroll of revelation {unknown}
 s - a scroll of torment {unknown}
Potions
 a - 2 potions of magic
 f - a potion of mutation
 k - a potion of degeneration


   Skills:
 + Level 5.0 Fighting
 - Level 2.0 Dodging
 - Level 2.6 Stealth
 + Level 5.1 Spellcasting
 - Level 4.5 Conjurations
 + Level 4.5 Translocations


You had 10 spell levels left.
You knew the following spells:

 Your Spells              Type           Power      Damage    Failure   Level
a - Magic Dart            Conj           100%       1d8       1%          1
b - Searing Ray           Conj           50%        2d6       1%          2
c - Iskenderun's Mystic   Conj/Tloc      25%        2d7       6%          4

Your spell library contained the following spells:

 Spells                   Type           Power      Damage    Failure   Level
 Ensorcelled Hibernation  Hex/Ice        10%        N/A       6%          2
 Mercury Vapours          Alch/Air       10%        N/A       6%          2
 Sublimation of Blood     Necr           5%         N/A       6%          2
 Passwall                 Erth           5%         N/A       12%         3
 Swiftness                Air            5%         N/A       12%         3
 Fulminant Prism          Conj/Alch      7%         3d7       16%         4
 Petrify                  Alch/Erth      5%         N/A       36%         4
 Summon Lightning Spire   Summ/Air       5%         N/A       36%         4
 Irradiate                Conj/Alch      7%         3d14      38%         5
 Conjure Ball Lightning   Conj/Air       7%         3x3d6     91%         6
 Plasma Beam              Fire/Air       2%         2x1d12    99%         6


Dungeon Overview and Level Annotations

Branches:
Dungeon (5/15)             Temple (0/1) D:4

Altars:


Innate Abilities, Weirdness & Mutations

You cannot wear most types of armour.
You are amphibious.
You can wear up to eight rings at the same time.
Your skin changes colour to match your surroundings (Stealth+).
Your rubbery body absorbs attacks. (AC +1, EV +1)
((You are camouflaged when in or above water. (Stealth+)))
You have tentacles for arms and can constrict up to eight enemies at once.


Message History

The ufetubus is heavily wounded.
You constrict the ufetubus.
The orc shouts!
Something shouts, "Back with thee, thou fobbing boil-brained pot-faker!"
The ufetubus completely misses you. The ufetubus hits you.
The ice beast hits you. The ice beast freezes you!
The ufetubus barely misses you. The ufetubus hits you.
You hear a shout!
Casting: Magic Dart (safe; 1% risk of failure)
Confirm with . or Enter, or press ? or * to list all spells.
You erupt in a blast of force!
The mystic blast hits the ufetubus.
You kill the ufetubus!
The mystic blast hits the ice beast!
The ice beast is moderately wounded.
The ice beast is knocked back by the mystic blast.
The ice beast slams into the crystal wall!
The ice beast is moderately wounded.
Casting: Iskenderun's Mystic Blast (dangerous; 6% risk of failure)
Confirm with . or Enter, or press ? or * to list all spells.
You erupt in a blast of force!
The mystic blast hits the orc!
You kill the orc!
The mystic blast hits the ice beast!
The ice beast is severely wounded.
The ice beast is knocked back by the mystic blast.
The ice beast slams into the crystal wall!
The ice beast is severely wounded.
An ogre comes into view. It is wielding a +0 giant club.
An ice beast comes into view.
The ice beast hits you. The ice beast freezes you!
* * * LOW HITPOINT WARNING * * *
Okay, then.
Okay, then.
Casting: Iskenderun's Mystic Blast (dangerous; 6% risk of failure)
Confirm with . or Enter, or press ? or * to list all spells.
You miscast Iskenderun's Mystic Blast.
You are very lightly contaminated with residual magic.
Nothing appears to happen.
The ice beast hits you.
* * * LOW HITPOINT WARNING * * *
The ice beast freezes you!
You die...

#.............#
#..##########.# #..# #.#
#### ############### #.
#.....#.....#.. #O
#.....#.....#.. #Y
#..#..#.†#..#..
#Y###..#..#..#..#..
#.@....#.....#.....
#####......#.....#.....
##...###################
######
##.......)...............
.....#
##.###....................
####.###.##
#####################
####.....#
.....#.....#.....
.....###.##
###......#.....#.....
####.#
##.###.#+###..#..#..#..#..


You could see 2 ice beasts and an ogre.

Vanquished Creatures
  Menkaure (D:5)
  A kobold brigand (D:5)
  2 scorpions (D:5)
  3 hounds
  A bombardier beetle (D:5)
  A jelly (D:4)
  Crazy Yiuf (D:2)
  Terence (D:3)
  3 iguanas
  Robin (D:2)
  9 gnolls
  12 adders
  A white imp (D:5)
  3 ufetubi (D:5)
  4 dart slugs
  3 ribbon worms
  4 orcs
  7 endoplasms
  4 giant cockroaches
  17 goblins
  8 hobgoblins
  9 jackals
  4 quokkas
  5 ball pythons
  2 bats
  4 frilled lizards
  8 kobolds
  10 rats
129 creatures vanquished.

Notes
Turn   | Place    | Note
-------+----------+-------------------------------------------
     0 | D:1      | Ijustatesigmund the Octopode Conjurer began the quest for
                  | the Orb.
     0 | D:1      | Reached XP level 1. HP: 11/11 MP: 3/3
   261 | D:1      | Reached XP level 2. HP: 18/18 MP: 3/5
   382 | D:1      | Reached skill level 1 in Fighting
   948 | D:2      | Learned a level 2 spell: Searing Ray
   972 | D:2      | Reached XP level 3. HP: 18/23 MP: 0/6
  1766 | D:2      | Reached XP level 4. HP: 29/29 MP: 5/8
  1771 | D:2      | Learned a level 4 spell: Iskenderun's Mystic Blast
  1924 | D:2      | Noticed Robin
  1943 | D:2      | Killed Robin
  2383 | D:2      | Found a runed translucent door.
  2384 | D:2      | Noticed Crazy Yiuf
  2436 | D:2      | Killed Crazy Yiuf
  2437 | D:2      | Reached skill level 1 in Translocations
  2437 | D:2      | Reached XP level 5. HP: 4/35 MP: 4/9
  3659 | D:3      | Noticed Terence
  3671 | D:3      | Killed Terence
  4515 | D:3      | Found a faded altar of an unknown god.
  4562 | D:4      | Found a staircase to the Ecumenical Temple.
  4571 | D:4      | Reached XP level 6. HP: 33/42 MP: 2/11
  5251 | D:4      | Got the Collected Works on Fumes
  5536 | D:5      | Entered Level 5 of the Dungeon
  5582 | D:5      | Reached XP level 7. HP: 21/47 MP: 3/13
  5808 | D:5      | Noticed Menkaure
  6012 | D:5      | Killed Menkaure
  6686 | D:5      | Reached XP level 8. HP: 36/54 MP: 15/15
  6688 | D:5      | Reached skill level 5 in Spellcasting
  6689 | D:5      | Reached skill level 5 in Fighting
  6865 | D:5      | Mangled by an ice beast

Illustrated notes

Levels and vault maps discovered:
D:1:      noname_arrival_rooms_in_the_neighbourhood, layout_basic,
          serial_rivers, chequers_serial_rivers_micro_d,
          chequers_serial_rivers_marsh, chequers_serial_rivers_marsh,
          chequers_serial_rivers_micro_a, chequers_serial_rivers_marsh,
          chequers_serial_rivers_room_a
D:2:      cheibrodos_greedy_goblins, layout_loops_ring, minmay_liquid_box,
          skrybe_limestone_x, uniq_crazy_yiuf_cottage, uniq_robin
D:3:      minmay_evil_eye, layout_loops_corners,
          hellmonk_ecumenical_altar_prayer_group, uniq_terence
D:4:      layout_loops_ring, minmay_temple_entry_hall, amcnicky_mini_pool_small
D:5:      kennysheep_windowed_halls, layout_loops_ring, uniq_menkaure

Skill      XL: |  1  2  3  4  5  6  7  8 |
---------------+-------------------------+-----
Fighting       | 1 2 3 4 5 |  5.0
Spellcasting   | 3 4 5 |  5.1
Translocations | 1 2 3 4 |  4.5
Dodging        | |  2.0
Stealth        | |  2.6
Conjurations   | |  4.5

Action                     |  1- 3 |  4- 6 |  7- 9 || total
---------------------------+-------+-------+-------++-------
  Melee: Unarmed           |     9 |       |       ||     9
         Constrict         |     3 |     7 |     2 ||    12
         Tentacles         |     2 |     4 |     2 ||     8
         Punch             |     1 |       |       ||     1
         Short sword       |       |     7 |       ||     7
         Flail             |       |    16 |     6 ||    22
   Cast: Magic Dart        |    65 |   125 |    50 ||   240
         Searing Ray       |       |     8 |     3 ||    11
         Iskenderun's Myst |       |       |     8 ||     8
    Use: Scroll            |       |       |     2 ||     2
   Stab: Sleeping          |       |     2 |       ||     2
 Armour: Skin              |     6 |    32 |    23 ||    61
  Dodge: Dodged            |    13 |    34 |    53 ||   100
